cohdb
Replays
Latest Replays
All Replays
Popular Replays
Top Player Replays
Match Explorer
How It Works
Community
CoH3 Stats
Reddit
Sign in to upload your games and track your stats! →
Sign in with Steam
Match 45845050
Unlisted
Match 45845050
Overview
Messages
Build Orders
End
Construct Infanterie Kompanie
MG 42 Machine Gun Team
GrW 34 Mortar Team
Grenadier Squad
Grenadier Squad
Medical Station
Construct Panzergrenadier Kompanie
Medical Bunker
Support Elements
Nebelwerfer 42 Rocket Launcher Team
Construct Panzer Kompanie
Sturmpanzer IV Brummbär
Stoßtruppen Squad
Side Skirts
Selects Terror Battlegroup
Selects Heavy Gunnery
Selects No Quarter
Pioneer Squad
Pioneer Squad
Stoßtruppen Squad
MG 42 Bunker
☠facha max☠ (LE)
HunTeR
XALO
Rolon
sewage bill
LITTLE TRICKSTER
GAF_Thom_Yorke
Da Cracka Whacka
0
0
Comments
sign in to comment!
No comments posted yet!